cohdb
Replays
Latest Replays
All Replays
Popular Replays
Top Player Replays
Match Explorer
How It Works
Community
CoH3 Stats
Reddit
Sign in to upload your games and track your stats! →
Sign in with Steam
Match 38411593
Unlisted
Match 38411593
Overview
Messages
Build Orders
End
Construct Infanterie Kompanie
Selects Breakthrough Battlegroup
Selects Assault Grenadiers
Grenadier Squad
Sniper
MG 42 Machine Gun Team
Construct Panzergrenadier Kompanie
Construct Luftwaffe Kompanie
221 Scout Car
Jäger Squad
Jäger Squad
Pioneer Squad
Medical Bunker
Construct Panzer Kompanie
Selects Rapid Production
Selects Blitzkrieg
Panzer IV Medium Tank
Selects Breakthrough
Breakthrough
Panzer IV Medium Tank
Pioneer Squad
Deliri0us
Itaperuna
BIOHAZARD
Sauzer88
0
0
Comments
sign in to comment!
No comments posted yet!